 Dungeon Crawl Stone Soup version 0.30-a0-824-g6c64550be9 (webtiles) character file.

Game seed: 17193693766893005166

801 demibob the Basher (level 7, -12/99 HPs)
             Began as a Troll Berserker on Feb 28, 2023.
             Was a Priest of Trog.
             Mangled by a gnoll sergeant
             ... wielding a +2 trident of freezing
              (14 damage)
             ... on level 5 of the Dungeon.
             The game lasted 00:04:10 (3877 turns).

demibob the Basher (Troll Berserker)                Turns: 3877, Time: 00:04:11

Health: -12/99     AC:  5    Str: 26    XL:     7   Next: 59%
Magic:  6/6        EV: 10    Int: 11    God:    Trog [***...]
Gold:   264        SH:  0    Dex:  9    Spells: 6/6 levels left

rFire   . . .      SeeInvis .    a - +0 mace
rCold   . . .      Faith    .    (no shield)
rNeg    . . .      Spirit   .    b - +0 animal skin
rPois   +          Reflect  .    (helmet restricted)
rElec   .          Harm     .    f - +0 cloak
rCorr   .          Rampage  .    (gloves unavailable)
Will    .....                    (boots unavailable) Stlth
                                 (no amulet)
HPRegen 1.16/turn                P - ring of poison resistance
MPRegen 0.10/turn                I - +6 ring of intelligence

@: berserking, very quick
A: large, unfitting armour, claws 3, regeneration 1, shaggy fur 1, tough skin 1
a: Renounce Religion, Berserk, Trog's Hand


You were on level 5 of the Dungeon.
You worshipped Trog.
Trog was most pleased with you.
You visited 1 branch of the dungeon, and saw 5 of its levels.

You collected 264 gold pieces.


Innate Abilities, Weirdness & Mutations

You are too large for most types of armour.
You have claws for hands.
Your natural rate of healing is unusually fast.
You are covered in fur. (AC +1)
You have tough skin. (AC +1)


   Skills:
 - Level 2.4 Fighting
 + Level 8.3 Maces & Flails
 - Level 2.4 Dodging


You had 6 spell levels left.
You didn't know any spells.
Your spell library was empty.

Inventory:

Hand Weapons
 a - a +0 mace (weapon)
Armour
 b - a +0 animal skin (worn)
 f - a +0 cloak (worn)
Jewellery
 C - a ring of ice
 I - a +6 ring of intelligence (right claw)
 N - a ring of positive energy
 P - a ring of poison resistance (left claw)
Scrolls
 c - 2 scrolls of fog {unknown}
 g - 2 scrolls of identify {@r1}
 q - a scroll of blinking
Potions
 d - 3 potions of attraction
 e - a potion of ambrosia {unknown}
 h - a potion of lignification {unknown}
 j - 2 potions of cancellation
 l - a potion of resistance {unknown}
 m - a potion of magic {unknown}
 p - a potion of mutation

Dungeon Overview and Level Annotations

Branches:
Dungeon (5/15)
 Temple: D:4-7

Altars:
Ashenzari
Jiyva

Portals:
Abyss: D:5

Annotations:
D:1 2 runed translucent doors
D:5 2 transporters, zenocrate's ghost, novice TrFi

..... #.. #......
......#.. #......
......#.. #......
#....#'### ###+#..
.#........# #..
.'........# #.) #.....gg.#
▒▒▒▒▒▒ #))
#......g▒▒▒▒▒....▒#####..
...####.▒@....▒.⚑.▒.......
. #.▒.▒▒▒.▒...▒.......
#.▒...▒.▒▒▒▒▒.......
#.▒▒▒....▒ .........
#.▒....▒▒▒ .........
▒▒▒▒.▒...▒ .........
▒.▒▒▒.▒####+#....
▒.....▒.....#....
...▒▒▒▒▒'.....#....


You could see a gnoll sergeant and 2 gnolls.


Message History

* * * LOW HITPOINT WARNING * * *
Use which ability? (? or * to list)
A red film seems to cover your vision as you go berserk!
You feel yourself moving faster!
You feel mighty! The gnoll hits you with a +0 flail!
* * * LOW HITPOINT WARNING * * *
The gnoll sergeant hits you from afar with a +2 trident of freezing!
* * * LOW HITPOINT WARNING * * *
The gnoll sergeant freezes you.
* * * LOW HITPOINT WARNING * * *
The gnoll hits you from afar with a +0 spear.
* * * LOW HITPOINT WARNING * * *
You sock the gnoll!
The gnoll is severely wounded.
You sock the gnoll!
You kill the gnoll!
Trog accepts your kill.
The gnoll hits you from afar with a +0 spear.
* * * LOW HITPOINT WARNING * * *
The gnoll sergeant hits you from afar with a +2 trident of freezing.
* * * LOW HITPOINT WARNING * * *
The gnoll sergeant freezes you.
* * * LOW HITPOINT WARNING * * *
You sock the quokka!
You kill the quokka!
Trog accepts your kill.
The gnoll hits you from afar with a +0 spear.
* * * LOW HITPOINT WARNING * * *
The gnoll sergeant hits you from afar with a +2 trident of freezing!
You die...

Skill      XL: |  1  2  3  4  5  6  7 |
---------------+----------------------+-----
Maces & Flails | 3 4 5 6 7 8 |  8.3
Fighting       | |  2.4
Dodging        | |  2.4

Action                     |  1- 3 |  4- 6 |  7- 9 || total
---------------------------+-------+-------+-------++-------
  Melee: Mace              |   150 |   223 |    57 ||   430
         Punch             |     2 |       |       ||     2
 Invoke: Berserk           |       |     3 |     3 ||     6
    Use: Potion            |       |     1 |     2 ||     3
         Scroll            |       |       |     9 ||     9
   Stab: Sleeping          |     1 |       |       ||     1
 Armour: Animal skin       |    78 |    86 |    13 ||   177
  Dodge: Dodged            |   107 |   165 |    43 ||   315

Levels and vault maps discovered:
D:1:      erik_arrival_cave_to_civilisation [erik_arrival_cave_to_temple],
          layout_loops_ring
D:2:      layout_basic, chequers_ecumenical_altar_simple_redux
D:3:      layout_basic, chequers_serial_rivers_small_a, guppyfry_early_orc_mine
D:4:      layout_cave_pods, serial_undead, serial_undead_e, serial_undead_b,
          serial_undead_f, serial_undead_d, chequers_garden
D:5:      layout_gridville, mainiacjoe_overflow_swirl,
          gammafunk_ghost_abyssal_escape, uniq_menkaure

Notes
Turn   | Place    | Note
-------+----------+-------------------------------------------
     0 | D:1      | demibob the Troll Berserker began the quest for the Orb.
     0 | D:1      | Reached XP level 1. HP: 22/22 MP: 0/0
    42 | D:1      | Found a large runed translucent door.
    42 | D:1      | Found a large runed translucent door.
    43 | D:1      | Noticed a jelly
    44 | D:1      | Found a viscous altar of Jiyva.
    44 | D:1      | Noticed a jelly
    44 | D:1      | Noticed a jelly
    50 | D:1      | Reached skill level 3 in Maces & Flails
    56 | D:1      | Noticed a jelly
    57 | D:1      | Noticed a jelly
    58 | D:1      | Noticed a jelly
    58 | D:1      | Noticed a jelly
   169 | D:1      | Reached XP level 2. HP: 19/29 MP: 1/1
   834 | D:2      | Reached ** piety under Trog
   879 | D:2      | Reached XP level 3. HP: 36/36 MP: 2/2
   904 | D:2      | Found a faded altar of an unknown god.
  1003 | D:2      | Reached skill level 4 in Maces & Flails
  1348 | D:2      | Reached XP level 4. HP: 40/44 MP: 3/3
  2147 | D:3      | Noticed a black bear
  2154 | D:3      | Killed a black bear
  2155 | D:3      | Reached skill level 5 in Maces & Flails
  2155 | D:3      | Reached XP level 5. HP: 50/50 MP: 4/4
  2601 | D:4      | Reached skill level 6 in Maces & Flails
  2706 | D:4      | Reached XP level 6. HP: 51/59 MP: 5/5
  2802 | D:4      | Reached *** piety under Trog
  3037 | D:4      | Reached skill level 7 in Maces & Flails
  3108 | D:4      | Reached XP level 7. HP: 39/66 MP: 6/6
  3522 | D:5      | Entered Level 5 of the Dungeon
  3562 | D:5      | Noticed Menkaure
  3569 | D:5      | Killed Menkaure
  3570 | D:5      | Reached skill level 8 in Maces & Flails
  3600 | D:5      | Found a transporter.
  3674 | D:5      | Found a transporter.
  3703 | D:5      | Found a one-way gate to the infinite horrors of the Abyss.
  3706 | D:5      | Noticed zenocrate's ghost (novice TrFi)
  3859 | D:5      | Found a broken altar of Ashenzari.
  3872 | D:5      | HP: 4/66 [gnoll/+0 flail[a gnoll sergeant] (3)]
  3877 | D:5      | HP: 2/99 [gnoll/+0 spear[a gnoll sergeant] (4)]
  3877 | D:5      | Mangled by a gnoll sergeant

Vanquished Creatures
  Menkaure (D:5)
  A black bear (D:3)
  An ogre (D:4)
  A jelly (D:4)
  A bullfrog skeleton (D:4)
  An iguana (D:4)
  2 scorpion zombies (D:4)
  3 orc wizards
  A hound zombie (D:4)
  A hound skeleton (D:4)
  9 gnolls
  6 adders
  A worm (D:2)
  3 dart slugs
  21 orcs
  5 ball pythons
  4 endoplasms
  3 giant cockroaches
  6 goblins
  9 hobgoblins
  7 jackals
  5 quokkas
  2 bats (D:2)
  3 frilled lizards
  8 kobolds
  7 rats
112 creatures vanquished.

Vanquished Creatures (others)
  3 withered plants (D:4)
3 creatures vanquished.

Grand Total: 115 creatures vanquished

Table legend: (Time is in decaauts)
 A = Elapsed time spent in this place.
 B = Non-inter-level travel time spent in this place.
 C = Inter-level travel time spent in this place.
 D = Time resting spent in this place.
 E = Time spent auto-exploring this place.
 F = Levels seen in this place.
 G = Mean time per level.
                   A        B        C        D        E       F      G
               +--------+--------+--------+--------+--------+-----+--------+
         Total |   3981 |   3824 |    157 |     82 |   2974 |   5 |  796.2 |
       Dungeon |   3981 |   3824 |    157 |     82 |   2974 |   5 |  796.2 |
               +--------+--------+--------+--------+--------+-----+--------+

Top non-repeatable levels by time:
     D:4: 997 daAuts
     D:2: 907 daAuts
     D:3: 884 daAuts
     D:1: 813 daAuts
     D:5: 378 daAuts

Table legend:
 A = Non-vault XP
 B = Vault XP
 C = Vault XP percentage of total XP
 D = Non-vault monster count
 E = Vault monster count
 F = Vault count percentage of total count
                 A         B        C        D         E       F
            +---------+---------+-------+---------+---------+-------
      Total |     807 |     340 |  29.6 |      97 |      15 |  13.4
            +---------+---------+-------+---------+---------+-------
        D:1 |      35 |       3 |   7.9 |      21 |       2 |   8.7
        D:2 |      70 |       0 |   0.0 |      19 |       0 |   0.0
        D:3 |     165 |      17 |   9.3 |      12 |       7 |  36.8
        D:4 |     427 |     145 |  25.3 |      32 |       5 |  13.5
        D:5 |     110 |     175 |  61.4 |      13 |       1 |   7.1
            +---------+---------+-------+---------+---------+-------
